Map: Buried Caverns

Players

KoNpHuSeD

  • Race: Terran Terran
  • Spawn Location: 3:00

brassmonk

  • Race: Terran Terran
  • Spawn Location: 5:00

Jooosh

  • Race: Zerg Zerg
  • Spawn Location: 3:00

MattBarry - Winner!

  • Race: Zerg Zerg
  • League: Gold
  • Spawn Location: 9:00

Alebay - Winner!

  • Race: Protoss Protoss
  • Spawn Location: 9:00

MattBarry - Winner!

  • Race: Zerg Zerg
  • League: Gold
  • Spawn Location: 7:00

VOD

Have the link to the VOD?

Description

Time

  • Played on: Jan. 22, 2023, 2:32 a.m.
  • Length: 12:49
Show
View Real Time Build Order
Export as new Build Order

KoNpHuSeD Terran 

Build Orders:  

Get SALT Encoding   

  12  0:01  SCV  
  13  0:13  SCV  
  14  0:25  SCV  
  14  0:27  Supply Depot  
  15  0:49  SCV  
  16  0:52  Barracks  
  16  0:57  Refinery  
  16  1:01  SCV  
  17  1:13  SCV  
  18  1:25  SCV  
  19  1:37  SCV  
  20  1:45  Barracks Tech Lab  
  20  2:04  SCV  
  21  2:13  Reaper  
  21  2:15  Command Center  
  22  2:20  Orbital Command  
  22  2:22  Refinery  
  22  2:48  Factory  
  22  3:07  SCV  
  23  3:13  Combat Shield  
  25  3:27  Supply Depot, Reaper, SCV  
  25  3:28  Engineering Bay  
  25  3:30  Supply Depot  
  25  3:32  Orbital Command  
  25  3:39  SCV  
  25  4:03  Factory Tech Lab  
  25  4:10  Barracks  
  25  4:12  SCV x2  
  27  4:22  Terran Infantry Weapons Level 1  
  27  4:24  SCV x2  
  29  4:28  Marauder  
  31  4:32  Stimpack  
  31  4:45  SCV x2  
  33  4:48  Missile Turret  
  33  4:53  Barracks  
  33  4:54  Starport, Refinery  
  33  4:55  Refinery  
  33  4:57  SCV x2  
  33  4:58  Barracks  
  33  4:59  Missile Turret  
  35  5:03  Barracks Reactor  
  35  5:09  SCV  
  36  5:15  SCV  
  37  5:22  Marine  
  37  5:27  Command Center  
  38  5:31  SCV x2  
  40  5:39  Marine  
  41  5:43  Starport Reactor, SCV x2  
  41  5:49  Armory  
  43  5:54  Siege Tank  
  43  5:55  SCV  
  43  5:56  SCV  
  48  5:57  Marine  
  48  6:02  Barracks Reactor  
  48  6:03  Barracks Reactor  
  49  6:05  Marine x2  
  49  6:08  SCV x2  
  53  6:12  Concussive Shells  
  53  6:15  Marine  
  53  6:17  Terran Infantry Armor Level 1  
  54  6:38  Supply Depot, Marine x3, Siege Tank, Medivac  
  54  6:39  Supply Depot  
  62  6:40  Supply Depot  
  62  6:43  Medivac  
  62  6:46  SCV x3  
  67  6:51  Terran Vehicle Weapons Level 1  
  67  6:54  Marine x4  
  67  6:56  Marine x3  
  74  7:14  Medivac x2  
  78  7:36  Marine  
  78  7:37  Marine x4  
  83  7:44  Medivac x2  
  87  8:00  SCV x2  
  79  8:12  SCV x2  
  73  8:17  Terran Infantry Weapons Level 2  
  73  8:19  Marine  
  74  8:20  Marine x6  
  74  8:24  SCV x2  
  82  8:36  SCV x2  
  82  8:37  Marine  
  82  8:38  Marine x6  
  91  8:43  Siege Tank  
  94  8:55  Marine x5  
  95  8:56  Marine x2  
  88  9:13  Marine x4  
  88  9:14  Marauder  
  88  9:15  Siege Tank  
  88  9:16  Marine  
  80  9:29  Marine  
  80  9:30  Marine  
  74  9:31  Marine x3  
  74  9:33  Marine  
  74  9:35  Marauder  
  67  9:47  Marine  
  67  9:48  Marine  
  67  9:49  Marine x3  
  67  9:50  SCV x3  
  67  9:51  Marine  
  70  10:02  SCV x2  
  70  10:04  Marine  
  70  10:06  Marine  
  70  10:07  Marine x3  
  70  10:09  Marine  
  72  10:22  Marine  
  72  10:24  Missile Turret  
  72  10:25  Missile Turret  
  72  10:26  Missile Turret  
  73  10:37  Orbital Command  
  73  10:49  Marine x2  
  74  10:50  Marine x4  
  79  11:07  Missile Turret, Marine x2  
  79  11:08  Missile Turret x2  
  79  11:11  SCV  
  82  11:23  SCV  
  83  11:29  SCV  
  84  11:34  Medivac  
  84  11:35  SCV  
  88  11:41  SCV  
  86  11:53  SCV  
  81  12:05  SCV  
  81  12:07  Marine  
  71  12:11  Marine  
Show
View Real Time Build Order
Export as new Build Order

brassmonk Terran 

Build Orders:  

Get SALT Encoding   

  12  0:02  SCV  
  13  0:18  Supply Depot  
  13  0:51  Barracks  
  13  1:07  Refinery  
  13  1:40  Supply Depot  
  13  1:42  SCV  
  13  1:43  Refinery  
  14  1:54  SCV  
  15  2:04  Barracks Tech Lab  
  15  2:06  SCV  
  16  2:11  Bunker  
  16  2:18  SCV  
  17  2:30  SCV  
  18  2:42  SCV  
  19  2:50  Marine  
  20  2:54  SCV  
  21  3:07  SCV  
  21  3:08  Marine  
  23  3:19  SCV  
  24  3:26  Marine  
  25  3:31  SCV  
  26  3:42  Command Center  
  26  3:43  SCV  
  26  3:44  Marauder  
  29  3:55  SCV  
  30  3:58  Engineering Bay  
  30  4:07  SCV  
  31  4:25  Refinery  
  31  4:39  Supply Depot  
  31  4:51  Refinery  
  31  4:53  SCV  
  32  5:01  Supply Depot  
  32  5:05  SCV  
  32  5:06  Factory  
  33  5:17  SCV  
  34  5:24  Supply Depot  
  34  5:30  SCV  
  35  5:36  SCV  
  35  5:42  SCV  
  37  5:46  Supply Depot  
  37  5:48  SCV  
  38  5:51  Factory  
  38  5:53  Factory Reactor  
  38  6:00  SCV  
  39  6:09  Supply Depot  
  39  6:12  SCV  
  40  6:25  SCV  
  41  6:37  Factory, SCV  
  41  6:39  Supply Depot  
  42  6:43  Armory  
  42  6:49  SCV  
  42  6:50  Widow Mine x2  
  42  6:53  Factory Reactor  
  47  7:01  SCV  
  48  7:02  Supply Depot  
  48  7:11  Widow Mine x2  
  48  7:13  SCV  
  53  7:25  Supply Depot  
  53  7:27  Factory Reactor  
  53  7:31  Armory  
  53  7:33  Widow Mine x2  
  53  7:37  Terran Vehicle And Ship Armor Level 1  
  57  7:49  Supply Depot  
  57  7:54  Widow Mine x2  
  61  8:54  Widow Mine  
  61  8:55  Widow Mine x5  
  51  9:16  Widow Mine x5  
  56  10:14  Widow Mine x5  
  56  10:15  Widow Mine  
  68  10:35  Widow Mine x2  
  68  10:36  Widow Mine x4  
  80  10:57  Widow Mine x5  
  80  10:58  Widow Mine  
  92  11:18  Widow Mine x4  
  92  11:19  Widow Mine x2  
  98  11:39  Widow Mine  
  94  11:40  Widow Mine x3  
Show
View Real Time Build Order
Export as new Build Order

Jooosh Zerg 

Build Orders: 3 Hatch before Pool 

Get SALT Encoding   

  12  0:02  Drone  
  13  0:11  Drone  
  14  0:46  Hatchery  
  14  0:47  Drone  
  14  1:08  Overlord  
  14  1:23  Hatchery  
  14  1:24  Drone  
  14  1:34  Spawning Pool  
  14  1:35  Extractor  
  12  1:44  Drone x2  
  14  1:53  Drone  
  15  1:56  Drone  
  15  2:00  Drone  
  17  2:06  Drone  
  18  2:12  Drone  
  19  2:19  Drone  
  20  2:24  Queen  
  22  2:30  Drone  
  22  2:36  Overlord  
  23  2:38  Zergling x2  
  24  2:47  Metabolic Boost  
  24  2:56  Drone  
  24  2:57  Drone x3  
  28  3:20  Lair  
  28  3:23  Drone  
  28  3:24  Drone x2, Overlord  
  28  3:25  Overlord  
  31  3:51  Roach Warren, Drone, Extractor  
  30  4:10  Extractor  
  30  4:12  Drone x10  
  39  4:20  Drone x3  
  39  4:22  Overseer  
  42  4:30  Pneumatized Carapace  
  42  4:36  Drone x6  
  42  4:37  Evolution Chamber  
  47  4:42  Queen  
  49  4:48  Queen  
  51  4:54  Overlord x2  
  51  5:19  Drone x9  
  51  5:21  Extractor  
  59  5:23  Extractor x2  
  57  5:32  Zerg Melee Weapons Level 1  
  57  5:34  Drone x5  
  62  5:35  Queen  
  62  5:36  Queen  
  66  5:51  Spore Crawler  
  66  5:52  Spore Crawler  
  66  5:53  Drone  
  66  5:54  Drone  
  66  6:12  Infestation Pit  
  66  6:13  Spire  
  64  6:23  Roach  
  64  6:24  Roach x4  
  74  6:35  Spine Crawler  
  74  6:36  Spine Crawler  
  72  6:43  Glial Reconstitution  
  72  6:52  Hydralisk Den  
  71  7:15  Evolution Chamber  
  70  7:16  Evolution Chamber  
  70  7:20  Drone  
  70  7:21  Drone x4  
  74  7:26  Zerg Missile Weapons Level 1  
  74  7:30  Overlord  
  74  7:31  Overlord x5  
  74  7:34  Spore Crawler  
  73  7:37  Hydralisk, Spine Crawler  
  73  7:38  Spine Crawler, Overlord  
  73  7:39  Overlord x12  
  73  7:43  Zerg Flyer Weapons Level 1  
  73  7:44  Zerg Melee Weapons Level 2  
  73  8:10  Hydralisk  
  73  8:12  Roach x4  
  83  8:15  Zerg Ground Armor Level 1  
  83  8:22  Lurker Den  
  82  8:38  Roach  
  82  8:39  Roach x6  
  96  8:47  Roach x3  
  102  8:53  Roach  
  102  8:54  Roach x2  
  95  8:56  Extractor  
  95  8:58  Hatchery  
  79  9:05  Roach x4  
  79  9:09  Roach  
  81  9:13  Roach  
  81  9:14  Roach  
  73  9:18  Roach  
  66  9:40  Hydralisk  
  66  9:41  Hydralisk x3  
  73  10:01  Spore Crawler  
  73  10:05  Spore Crawler  
  73  10:06  Spore Crawler, Drone x4  
  73  10:07  Drone x6  
  80  10:17  Hydralisk  
  80  10:18  Hydralisk x2  
  86  10:50  Drone x12  
  88  11:16  Spine Crawler  
  88  11:17  Spine Crawler  
  88  11:18  Drone x6, Spine Crawler x2  
  90  11:30  Spine Crawler  
  90  11:31  Spore Crawler, Spine Crawler  
  87  11:33  Spore Crawler, Drone x7  
  69  12:02  Roach x5  
  69  12:03  Roach x7  
  91  12:11  Roach x3, Overseer  
  91  12:12  Overseer x2  
  97  12:20  Roach  
  97  12:21  Roach x3  
Show
View Real Time Build Order
Export as new Build Order

MattBarry Zerg - Winner!

Build Orders: Hatch First, Lurkers 

Get SALT Encoding   

  12  0:00  Drone  
  13  0:13  Overlord  
  13  0:18  Drone  
  14  0:32  Drone x2  
  16  0:44  Drone  
  17  0:50  Drone  
  18  0:59  Hatchery  
  17  1:14  Spawning Pool  
  17  1:16  Drone  
  17  1:20  Extractor  
  17  1:21  Drone  
  17  1:29  Drone  
  17  1:30  Drone  
  19  1:55  Drone x2  
  21  2:04  Overlord  
  21  2:05  Queen, Extractor  
  23  2:11  Queen  
  25  2:16  Overlord  
  25  2:27  Drone  
  26  2:30  Drone x2  
  26  2:35  Extractor  
  27  2:38  Drone x2  
  29  2:44  Metabolic Boost  
  29  2:53  Zergling x4  
  31  3:05  Spore Crawler, Roach Warren  
  29  3:06  Spore Crawler  
  29  3:07  Drone x2  
  29  3:08  Drone  
  29  3:09  Drone  
  32  3:19  Queen  
  32  3:23  Drone x2  
  36  3:28  Drone x2  
  36  3:33  Drone  
  36  3:34  Drone  
  40  3:47  Drone x4  
  44  3:49  Overlord  
  44  3:53  Lair  
  44  3:58  Evolution Chamber  
  44  4:00  Evolution Chamber  
  41  4:05  Drone x3  
  43  4:23  Hatchery  
  42  4:25  Zerg Missile Weapons Level 1  
  42  4:37  Drone x2  
  42  4:38  Drone x4  
  48  4:40  Extractor  
  48  4:43  Zerg Ground Armor Level 1, Extractor  
  48  4:44  Overlord  
  46  5:07  Hydralisk Den  
  46  5:13  Zergling x4  
  47  5:15  Drone x5  
  53  5:21  Drone x2  
  54  5:32  Queen  
  54  5:34  Queen  
  58  5:35  Overlord x2  
  58  5:41  Grooved Spines  
  58  5:42  Lurker Den  
  57  5:48  Infestation Pit, Drone x4  
  57  5:49  Drone  
  61  5:55  Drone  
  61  5:56  Drone x2  
  64  6:10  Queen  
  66  6:15  Drone x4  
  66  6:16  Drone x4  
  74  6:20  Extractor  
  74  6:21  Hydralisk x2  
  77  6:26  Zerg Missile Weapons Level 2  
  77  6:28  Glial Reconstitution  
  77  6:40  Extractor  
  76  6:51  Hive  
  76  6:52  Queen, Muscular Augments  
  78  6:56  Zerg Ground Armor Level 2  
  78  7:15  Drone x3  
  80  7:16  Drone  
  80  7:18  Overlord x3  
  80  7:19  Overlord  
  82  7:25  Spore Crawler  
  82  7:26  Drone  
  82  7:27  Overlord x2  
  82  7:47  Hydralisk  
  82  7:48  Hydralisk x9  
  102  8:09  Hydralisk  
  102  8:10  Hydralisk x9  
  102  8:12  Overlord x2  
  122  8:25  Hydralisk x3  
  122  8:26  Hydralisk  
  130  8:28  Overlord x2  
  130  8:38  Hydralisk x6  
  142  8:45  Adaptive Talons  
  142  9:05  Hydralisk  
  142  9:06  Hydralisk x6, Hatchery  
  155  9:15  Hatchery  
  154  9:29  Hydralisk x4  
  154  10:03  Hydralisk  
  154  10:04  Hydralisk x2  
  154  10:06  Overlord x4  
  158  10:14  Overseer x2  
  158  10:27  Drone x5  
  158  10:28  Drone x3  
  166  10:38  Lurker  
  166  10:39  Lurker x7  
  166  10:40  Lurker x2  
  166  10:41  Lurker  
  177  10:47  Extractor  
  177  10:48  Extractor  
  175  11:02  Hydralisk x7  
  189  11:11  Seismic Spines  
  183  11:52  Hydralisk  
  183  11:53  Hydralisk x9  
  182  12:22  Hydralisk  
  182  12:23  Hydralisk x8  
Show
View Real Time Build Order
Export as new Build Order

Alebay Protoss - Winner!

Build Orders: 1 Gate Expand 

Get SALT Encoding   

  12  0:00  Probe  
  13  0:12  Probe  
  14  0:25  Pylon  
  14  0:26  Probe  
  15  0:30  Assimilator  
  15  0:43  Probe  
  15  0:46  Gateway  
  16  0:55  Probe  
  17  1:07  Probe  
  18  1:20  Probe  
  19  1:31  Nexus  
  19  1:32  Probe  
  20  1:38  Cybernetics Core  
  20  1:44  Assimilator  
  20  1:46  Probe  
  21  1:58  Probe  
  21  1:59  Pylon  
  22  2:08  Warp Gate (Chrono Boost)  
  22  2:11  Probe  
  23  2:17  Stalker  
  25  2:23  Probe  
  25  2:27  Pylon  
  26  2:37  Robotics Facility, Probe  
  26  2:43  Probe  
  28  2:51  Stalker  
  30  2:52  Probe  
  30  2:56  Probe  
  33  3:05  Probe  
  33  3:14  Forge, Probe  
  34  3:25  Probe  
  34  3:27  Probe  
  36  3:30  Immortal (Chrono Boost)  
  40  3:35  Pylon  
  40  3:39  Pylon  
  40  3:42  Probe x2  
  42  3:50  Stalker  
  44  3:56  Probe x2  
  44  3:59  Protoss Ground Weapons Level 1 (Chrono Boost)  
  46  4:07  Immortal (Chrono Boost)  
  46  4:08  Probe  
  51  4:12  Probe  
  52  4:20  Assimilator  
  52  4:21  Assimilator  
  52  4:23  Probe  
  52  4:24  Probe  
  54  4:27  Photon Cannon  
  54  4:32  Stalker  
  54  4:37  Gateway  
  56  4:45  Probe x2  
  58  4:56  Stalker  
  58  4:57  Probe x2  
  58  4:58  Immortal  
  66  5:10  Pylon  
  66  5:14  Pylon  
  66  5:22  Stalker  
  68  5:36  Protoss Ground Armor Level 1 (Chrono Boost)  
  68  5:39  Immortal  
  72  5:52  Pylon  
  72  5:54  Gateway  
  72  5:56  Gateway  
  72  5:59  Photon Cannon  
  72  6:01  Photon Cannon  
  72  6:04  Photon Cannon  
  72  6:10  Pylon  
  72  6:12  Stalker x2  
  76  6:27  Pylon  
  76  6:38  Stalker x2  
  80  6:40  Probe  
  80  6:42  Pylon  
  80  6:44  Pylon  
  81  6:52  Stalker x2  
  85  6:55  Immortal  
  85  6:56  Nexus  
  89  7:02  Pylon  
  89  7:05  Pylon  
  89  7:21  Twilight Council  
  89  7:33  Photon Cannon  
  89  7:34  Photon Cannon  
  89  7:35  Photon Cannon  
  89  7:42  Stalker x3  
  89  7:43  Stalker  
  97  7:53  Gateway  
  97  7:54  Gateway  
  97  7:58  Gateway  
  97  8:01  Pylon  
  97  8:07  Protoss Ground Weapons Level 2 (Chrono Boost)  
  97  8:15  Stalker  
  97  8:16  Stalker x2  
  91  9:08  Stalker  
  91  9:09  Stalker x5  
  85  9:12  Probe x3  
  82  9:24  Probe x2  
  82  9:25  Probe  
  65  9:33  Immortal  
  65  9:36  Probe x2  
  65  9:37  Robotics Facility x2  
  69  9:43  Stalker x5  
  73  9:52  Assimilator  
  67  9:53  Blink  
  67  9:58  Assimilator  
  67  10:11  Stalker x2  
  67  10:12  Immortal, Stalker  
  77  10:19  Protoss Ground Armor Level 2 (Chrono Boost)  
  77  10:20  Stalker x2  
  81  10:31  Immortal  
  85  10:40  Stalker x4  
  89  11:11  Stalker x5  
  91  11:12  Stalker x2  
  91  11:15  Immortal  
  105  11:28  Immortal  
  109  11:35  Stalker x2  
  109  11:36  Stalker  
  115  11:52  Stalker  
  115  11:53  Stalker x3  
Show
View Real Time Build Order
Export as new Build Order

MattBarry Zerg - Winner!

Build Orders: Hatch First 

Get SALT Encoding   

  12  0:00  Drone  
  13  0:13  Overlord  
  13  0:18  Drone  
  14  0:28  Drone, Extractor  
  14  0:32  Drone  
  16  0:52  Hatchery  
  15  1:07  Spawning Pool  
  15  1:10  Drone  
  15  1:13  Drone  
  16  1:19  Drone  
  16  1:22  Drone  
  18  1:33  Drone  
  19  1:43  Extractor  
  19  1:44  Overlord  
  18  1:54  Queen  
  18  1:56  Zergling x2  
  21  2:08  Drone  
  21  2:13  Queen  
  24  2:25  Drone  
  25  2:36  Queen  
  27  2:37  Drone  
  27  2:38  Drone x2  
  27  2:39  Drone  
  31  2:59  Drone  
  31  3:00  Drone  
  32  3:17  Drone x4  
  32  3:19  Overlord  
  36  3:20  Overlord  
  36  3:24  Roach Warren, Metabolic Boost  
  36  3:25  Extractor  
  34  3:40  Evolution Chamber  
  33  3:52  Evolution Chamber  
  32  4:01  Drone x3  
  32  4:02  Drone x2  
  37  4:10  Zerg Ground Armor Level 1  
  37  4:22  Drone x3  
  40  4:24  Hatchery  
  40  4:26  Drone x2  
  41  4:34  Zergling x4, Drone x2  
  41  4:35  Drone x2  
  47  4:44  Lair  
  47  4:49  Extractor  
  47  4:51  Extractor  
  45  4:53  Zergling x4  
  45  4:54  Overlord  
  45  4:55  Overlord  
  47  5:02  Zerg Melee Weapons Level 1  
  47  5:10  Evolution Chamber  
  46  5:16  Spine Crawler  
  46  5:18  Spore Crawler  
  46  5:20  Spore Crawler  
  43  5:23  Spore Crawler  
  43  5:25  Drone x2  
  44  5:30  Drone x2  
  44  5:31  Roach, Zergling x4  
  50  5:36  Zerg Missile Weapons Level 1  
  49  6:01  Spire  
  45  6:06  Queen  
  45  6:10  Drone x3  
  45  6:11  Drone  
  51  6:16  Drone x2  
  51  6:17  Drone x2  
  55  6:19  Drone x4  
  59  6:28  Zergling x2  
  60  6:44  Queen  
  62  6:48  Drone x2, Overlord  
  62  6:50  Overlord  
  64  6:56  Infestation Pit  
  63  7:06  Spire  
  62  7:12  Mutalisk x4  
  62  7:13  Mutalisk  
  72  7:16  Extractor  
  72  7:17  Extractor  
  70  7:26  Mutalisk  
  72  7:36  Spore Crawler  
  70  7:38  Spore Crawler  
  69  7:44  Drone x2  
  69  7:45  Drone  
  69  7:49  Drone x3  
  75  7:53  Zerg Flyer Weapons Level 1  
  75  7:55  Drone  
  75  7:57  Drone  
  77  8:08  Mutalisk x5  
  77  8:11  Overlord  
  77  8:12  Overlord  
  87  8:26  Mutalisk  
  87  8:29  Mutalisk x2, Roach  
  95  8:52  Hatchery  
  95  8:53  Mutalisk x2, Drone x2  
  95  8:54  Mutalisk x2  
  104  9:23  Mutalisk  
  106  9:25  Overlord x2  
  106  9:27  Zerg Flyer Armor Level 1  
  104  9:51  Mutalisk x7  
  97  10:04  Mutalisk x2  
  101  10:19  Roach x9  
  101  10:20  Roach x2  
  109  10:47  Mutalisk x3, Hive  
  105  10:59  Mutalisk x2  
  109  11:07  Mutalisk  
  111  11:16  Mutalisk  
  111  11:17  Mutalisk  
  99  12:22  Overseer x2  
  99  12:23  Mutalisk x8  
Tags
 
Add a new tag
Caveats
  • Supply blocks, unpowered buildings, or Contaminate may cause inaccurate times.
  • Supply counts are checked every 10 seconds.